 Dungeon Crawl Stone Soup version 0.17-a0-1738-g82cdc46 (console) character file.

9814 utis the Jinx (level 11, 64/67 HPs)
             Began as a Kobold Arcane Marksman on Aug 30, 2015.
             Was a Priest of Sif Muna.
             Quit the game on level 10 of the Dungeon.
             The game lasted 01:05:42 (16770 turns).

utis the Jinx (Kobold Arcane Marksman)             Turns: 16770, Time: 01:05:42

Health: 64/67      AC: 13    Str: 11    XL:     11   Next: 81%
Magic:  12/17      EV: 21    Int: 16    God:    Sif Muna [***...]
Gold:   546        SH:  0    Dex: 15    Spells: 4 memorised, 9 levels left

rFire  + . .     SeeInvis .     a - +4 quick blade
rCold  . . .     Clarity  .     V - +1 ring mail "Kiutzoiw" {rF+ Int+2}
rNeg   . . .     SustAt   +     (shield restricted)
rPois  .         Gourm    .     X - +0 helmet
rElec  .         Spirit   .     v - +2 cloak
rCorr  .         Warding  .     x - +0 pair of gloves
rMut   .         Stasis   .     J - +0 pair of boots
MR     .....                    j - amulet of regeneration
Stlth  +.........               Z - ring of sustain attributes
                                z - +4 ring of evasion

@: not resistant to hostile enchantments, very unstealthy
A: carnivore 3
a: Channel Energy, Forget Spell, Renounce Religion


You were on level 10 of the Dungeon.
You worshipped Sif Muna.
Sif Muna was most pleased with you.
You were very full.

You visited 1 branch of the dungeon, and saw 10 of its levels.

You collected 546 gold pieces.

Inventory:

Hand weapons
 a - a +4 quick blade (weapon)
 b - a +2 short sword
 c - a +3 dagger of draining {=f}
 G - a +2 long sword of electrocution
 W - a +0 hunting sling
Missiles
 o - 241 stones (quivered)
 t - 45 sling bullets
 K - 9 tomahawks
 Y - 2 steel sling bullets
Armour
 v - a +2 cloak (worn)
 x - a +0 pair of gloves (worn)
 J - a +0 pair of boots (worn)
 V - the +1 ring mail "Kiutzoiw" (worn) {rF+ Int+2}
   (You found it on level 6 of the Dungeon)

   It affects your intelligence (+2).
   It protects you from fire.
 X - a +0 helmet (worn)
Jewellery
 h - an uncursed ring of stealth {unknown}
 j - an amulet of regeneration (around neck)
 m - a +3 ring of intelligence {unknown}
 z - a +4 ring of evasion (left hand)
 C - the amulet of Oqauhuam {Ward +Fly rC+ rN+ Int+4, =f}
   (You found it on level 4 of the Dungeon)

   [amulet of warding]

   It may prevent the melee attacks of summoned creatures.
   It affects your intelligence (+4).
   It protects you from cold.
   It protects you from negative energy.
   It lets you fly.
 Q - an uncursed amulet of clarity {=f}
 Z - a ring of sustain attributes (right hand)
Magical devices
 f - a wand of cold (5)
 l - a wand of invisibility (4)
 A - a wand of teleportation (4)
 B - a wand of random effects (19)
 L - a wand of draining (4)
 P - a wand of disintegration (10)
 T - a wand of magic darts (20)
Scrolls
 i - 2 scrolls of amnesia
 n - 2 scrolls of magic mapping
 q - 4 scrolls of identify
 r - 5 scrolls of remove curse
 s - a scroll of fear {unknown}
 w - a scroll of fog
 E - 3 scrolls of recharging
 H - a scroll of holy word {unknown}
 I - a scroll of vulnerability {unknown}
Potions
 g - 4 potions of magic
 k - 2 potions of cure mutation {!q}
 p - 2 potions of curing
 M - a potion of brilliance
 R - a potion of agility
 S - 4 potions of might
Books
 d - a book of Debilitation

   Spells                             Type                      Level
   a - Corona                         Hexes                        1
   b - Slow                           Hexes                        2
   c - Gell's Gravitas                Hexes/Translocation          3
   d - Inner Flame                    Hexes/Fire                   3
   e - Cause Fear                     Hexes                        4
   f - Leda's Liquefaction            Hexes/Earth                  4
Miscellaneous
 U - a box of beasts
Comestibles
 e - 5 meat rations
 D - 2 slices of pizza
 F - 3 royal jellies
 O - 2 beef jerkies


   Skills:
 + Level 7.1 Fighting
 - Level 7.9(8.7) Short Blades
 - Level 3.4(4.7) Long Blades
 - Level 2.4 Slings
 + Level 4.4 Armour
 + Level 7.4 Dodging
 - Level 4.6 Spellcasting
 - Level 10.3 Hexes
 - Level 5.8 Invocations


You had 9 spell levels left.
You knew the following spells:

 Your Spells              Type           Power        Failure   Level  Hunger
a - Corona                Hex            #####..      1%          1    None
U - Cause Fear            Hex            #####.....   6%          4    ####...
X - Gell's Gravitas       Hex/Tloc       ###.......   14%         3    ###....
Z - Slow                  Hex            #####...     1%          2    ##.....


Dungeon Overview and Level Annotations

Branches:
Dungeon (10/15)            Temple (0/1) D:6            Lair (0/8) D:8
    Orc: D:9-12

Altars:
Dithmenos
Fedhas
Gozag
Makhleb
Ru
Sif Muna
Trog
Vehumet
Yredelemnul
Zin
The Shining One

Annotations:
D:3 cmdexe's ghost, average DsFi
D:4 Duvessa


Innate Abilities, Weirdness & Mutations

You are small and have problems with some larger weapons.
You are carnivorous and can eat meat at any time.


Message History

Casting: Slow
Confirm with . or Enter, or press ? or * to list all spells.
Aiming: Slow
Press: ? - help, Shift-Dir - straight line, f/p - yak
Aim: a yak (lightly wounded, chance to defeat MR: 74%)
The yak seems to slow down.
The yak misses you.
You barely miss the yak.
The yak is lightly wounded.
You hit the yak.
The yak is lightly wounded.
You barely miss the yak.
The yak is lightly wounded.
The yak closely misses you.
You hit the yak.
The yak is lightly wounded.
You hit the yak but do no damage.
The yak is lightly wounded.
You completely miss the yak.
The yak is lightly wounded.
Are you sure you want to abandon this character and quit the game? (Confirm with "yes".)

..........▓▓▓▓▓▓▓▓▓▓▓▓▓▓
▓▓▓▓▓▓▓▓..▓▓▓▓▓▓▓▓▓▓▓▓▓▓
.......................▓
..............Y........▓
▓▓▓▓▓▓▓▓▓...▓▓▓▓▓▓▓▓▓▓.▓
▓...▓ ▓.▓ ▓▓▓▓▓▓▓▓▓...▓
▓.▓
...........Y▓▓▓▓▓▓▓▓▓▓.▓
...........YYYYYK......▓
...........Y▓▓▓▓▓▓▓▓▓▓▓▓
▓▓▓▓▓▓▓▓▓▓..▓▓▓▓▓▓▓▓▓▓▓▓
......Y................▓
.......................▓
▓▓..▓▓▓▓▓▓▓▓▓▓▓▓▓▓▓▓▓▓▓▓
▓..▓ ▓..▓
▓▓..▓▓▓▓▓▓▓▓▓▓▓


You could see 7 yaks.

Vanquished Creatures
  Pikel (D:4)
  A hill giant (D:8)
  Maurice (D:8)
  A centaur zombie (D:10)
  A troll (D:10)
  Grinder (D:5)
  A two-headed ogre (D:10)
  A spriggan (D:7)
  17 yaks
  A hungry ghost (D:9)
  A porcupine (D:8)
  2 orc warriors
  A black bear (D:4)
  3 ice beasts
  2 phantoms
  4 slaves (D:4)
  5 ogres
  3 sky beasts
  5 centaurs
  A big kobold (D:9)
  A crocodile (D:6)
  3 giant frogs
  2 scorpions
  Dowan (D:4)
  8 killer bees
  8 wights
  A wasp zombie (D:10)
  6 crimson imps
  A giant frog zombie (D:7)
  4 iguanas
  6 orc priests
  A giant frog skeleton (D:5)
  8 hounds
  12 orc wizards
  Jessica (D:3)
  2 hell rats (D:8)
  7 worker ants
  A killer bee zombie (D:8)
  A hound skeleton (D:10)
  8 adders
  3 gnolls
  5 river rats (D:8)
  5 shadow imps
  An adder zombie (D:8)
  A worm (D:2)
  3 adder skeletons
  44 orcs
  3 ball pythons
  2 giant cockroaches
  9 hobgoblins
  18 jackals
  12 kobolds
  3 quokkas
  12 bats
  5 giant geckos
  4 giant newts
  7 goblins
  11 rats
283 creatures vanquished.

Vanquished Creatures (others)
  An orc wizard (D:7)
1 creature vanquished.

Grand Total: 284 creatures vanquished

Notes
Turn   | Place    | Note
--------------------------------------------------------------
     0 | D:1      | utis the Kobold Arcane Marksman began the quest for the Orb.
     0 | D:1      | Reached XP level 1. HP: 12/12 MP: 2/2
   326 | D:1      | Reached XP level 2. HP: 14/17 MP: 3/3
  1164 | D:1      | Reached XP level 3. HP: 22/22 MP: 4/4
  2228 | D:2      | Reached XP level 4. HP: 28/28 MP: 5/5
  2239 | D:2      | Reached skill level 1 in Short Blades
  2311 | D:2      | Learned a level 2 spell: Slow
  2498 | D:2      | Found a deep blue altar of Sif Muna.
  2930 | D:3      | Noticed cmdexe's ghost (average DsFi)
  3212 | D:3      | Noticed Jessica
  3220 | D:3      | Killed Jessica
  3220 | D:3      | Reached XP level 5. HP: 30/33 MP: 0/6
  3559 | D:3      | Found a glowing golden altar of the Shining One.
  3766 | D:2      | Became a worshipper of Sif Muna the Loreminder
  3985 | D:4      | Learned a level 3 spell: Gell's Gravitas
  4028 | D:4      | Found a glowing golden altar of the Shining One.
  4028 | D:4      | Found a basalt altar of Yredelemnul.
  4285 | D:4      | Noticed a slave
  4327 | D:4      | Killed a slave
  4396 | D:4      | Noticed a slave
  4443 | D:4      | Killed a slave
  4580 | D:4      | Reached XP level 6. HP: 34/38 MP: 8/8
  4739 | D:4      | Noticed Pikel
  4748 | D:4      | Noticed a slave
  4755 | D:4      | Noticed a slave
  4802 | D:4      | Killed a slave
  4900 | D:4      | Killed a slave
  5036 | D:4      | Got a brightly glowing garnet amulet {=f}
  5069 | D:4      | Identified the amulet of Oqauhuam {Ward +Fly rC+ rN+ Int+4, =f} (You found it on level 4 of the Dungeon)
  5105 | D:4      | Noticed a black bear
  5130 | D:4      | Killed a black bear
  5130 | D:4      | Reached skill level 4 in Hexes
  5268 | D:4      | Reached XP level 7. HP: 34/42 MP: 9/11
  5303 | D:4      | Found a blossoming altar of Fedhas.
  5439 | D:4      | Acquired Sif Muna's first power
  5464 | D:4      | Noticed Duvessa
  5464 | D:4      | Noticed Dowan
  5961 | D:4      | Reached skill level 5 in Hexes
  6150 | D:4      | Killed Dowan
  6509 | D:4      | Found a shadowy altar of Dithmenos.
  6678 | D:5      | Entered Level 5 of the Dungeon
  6687 | D:5      | Reached skill level 6 in Hexes
  6714 | D:4      | Reached XP level 8. HP: 44/48 MP: 8/13
  6760 | D:4      | Killed Pikel
  6760 | D:4      | Acquired Sif Muna's second power
  6760 | D:4      | Reached skill level 7 in Hexes
  6861 | D:5      | Reached skill level 1 in Invocations
  7042 | D:5      | Noticed Grinder
  7046 | D:5      | Paralysed by Grinder for 7 turns
  7057 | D:5      | Paralysed by Grinder for 5 turns
  7099 | D:5      | Paralysed by Grinder for 3 turns
  7479 | D:5      | Found a bloodstained altar of Trog.
  7630 | D:5      | Found a glowing silver altar of Zin.
  7725 | D:5      | Reached XP level 9. HP: 52/52 MP: 12/15
  7842 | D:5      | Paralysed by Grinder for 6 turns
  7862 | D:5      | Killed Grinder
  7862 | D:5      | Reached skill level 5 in Invocations
  7868 | D:5      | Learned a level 4 spell: Cause Fear
  8071 | D:6      | Reached skill level 1 in Armour
  8081 | D:6      | Found a staircase to the Ecumenical Temple.
  9151 | D:6      | Reached skill level 5 in Short Blades
  9274 | D:6      | Got a transparent ring mail
  9371 | D:6      | Identified the +1 ring mail "Kiutzoiw" {rF+ Int+2} (You found it on level 6 of the Dungeon)
  9452 | D:6      | Found a burning altar of Makhleb.
  9530 | D:6      | Reached skill level 5 in Fighting
  9640 | D:6      | Reached skill level 5 in Dodging
  9640 | D:6      | Reached XP level 10. HP: 59/59 MP: 10/16
  9716 | D:7      | Found an opulent altar of Gozag.
 10055 | D:7      | Reached skill level 8 in Hexes
 10969 | D:7      | Reached skill level 9 in Hexes
 11755 | D:8      | Noticed Maurice
 12353 | D:8      | Killed Maurice
 12353 | D:8      | Reached skill level 10 in Hexes
 12660 | D:8      | Found a staircase to the Lair.
 12874 | D:8      | Noticed a hill giant
 12943 | D:8      | Killed a hill giant
 13500 | D:8      | Reached XP level 11. HP: 57/64 MP: 15/17
 13583 | D:8      | Found a radiant altar of Vehumet.
 13583 | D:8      | Found a sacrificial altar of Ru.
 15107 | D:10     | Entered Level 10 of the Dungeon
 15312 | D:10     | Reached skill level 1 in Long Blades
 16770 | D:10     | Quit the game

Vault maps used:
D:1:      saegor_arrival_miasma, minmay_liquid_box, serial_park_tiny_pond
D:2:      overflow_temple_1_default, grunt_decor_resistance, minmay_bisected
D:3:      corner_web_ring, minmay_misc_feat_chi, nicolae_tso_swordbearing_angel,
          uniq_jessica
D:4:      black_bear_nest_1, nicolae_overflow_hidden_temple,
          lemuel_coloured_pillars_altar, grunt_dithmenos_shadows, uniq_duvessa,
          uniq_pikel
D:5:      overflow_temple_1_default, basic_altar, first_bread, uniq_grinder
D:6:      makhleb_grotto_becter, minmay_temple_entry_poolview,
          corexii_hall_statues_u
D:7:      grunt_gozag_breadcrumbs, the_bakery
D:8:      gammafunk_temple_overflow_wave, dpeg_lair_monsters, uniq_maurice

Action                   |  1- 3 |  4- 6 |  7- 9 | 10-12 || total
-------------------------+-------+-------+-------+-------++-------
Melee: Club              |    33 |       |       |       ||    33
       Unarmed           |     5 |       |       |       ||     5
       Dagger            |   160 |   185 |   618 |   811 ||  1774
       Short sword       |       |       |       |    98 ||    98
       Quick blade       |       |       |       |   163 ||   163
       Long sword        |       |       |       |   107 ||   107
 Fire: Hunting sling     |     9 |    25 |     3 |    18 ||    55
Throw: Stone             |     2 |     9 |    31 |    20 ||    62
 Cast: Slow              |       |    19 |    70 |   126 ||   215
       Corona            |       |     1 |       |    10 ||    11
       Cause Fear        |       |       |       |     8 ||     8
       Gell's Gravitas   |       |       |       |     1 ||     1
  Use: Scroll            |     1 |     8 |     6 |    12 ||    27
       Potion            |       |     1 |     1 |       ||     2
 Stab: Sleeping          |     1 |       |       |       ||     1
  Eat: Chunk             |    17 |    13 |    20 |    37 ||    87
       Meat ration       |       |       |       |     1 ||     1
